 Dungeon Crawl Stone Soup version 0.27-a0-1193-g8631133539 (webtiles) character file.

Game seed: 9616590708587181745

1603 senseless the Conjurer (level 8, -7/60 HPs)
             Began as a Gnoll Conjurer on May 25, 2021.
             Was a Follower of Vehumet.
             Mangled by a yak (13 damage)
             ... on level 5 of the Dungeon.
             The game lasted 00:21:51 (5615 turns).

senseless the Conjurer (Gnoll Conjurer)             Turns: 5615, Time: 00:21:52

Health: -7/60      AC:  7    Str:  7    XL:     8   Next: 94%
Magic:  4/17       EV: 14    Int: 18    God:    Vehumet [*.....]
Gold:   87         SH:  0    Dex: 12    Spells: 16/19 levels left

rFire    . . .     SeeInvis .   o - +2 dagger (freeze)
rCold    . . .     Faith    .   (no shield)
rNeg     . . .     Spirit   .   a - +0 robe
rPois    .         Reflect  .   (no helmet)
rElec    .         Harm     .   q - scarf {+Inv}
rCorr    .         Rampage  .   t - +0 pair of gloves
Will     .....                  (no boots)
Stlth    +++.......             (no amulet)
HPRegen  0.20/turn              b - +4 ring of protection
MPRegen  0.15/turn              (no ring)

@: no status effects
A: fangs 1, strong nose, distributed training
a: Renounce Religion, Evoke Invisibility


You were on level 5 of the Dungeon.
You worshipped Vehumet.
Vehumet was aware of your devotion.
You visited 2 branches of the dungeon, and saw 6 of its levels.

You collected 226 gold pieces.
You spent 139 gold pieces at shops.

Inventory:

Hand Weapons
 e - a +1 demon whip of flaming
 m - a +0 short sword of protection
 o - a +2 dagger of freezing (weapon)
Missiles
 c - 7 poisoned darts
Armour
 a - a +0 robe (worn)
 q - a scarf of invisibility (worn)
 t - a +0 pair of gloves (worn)
Magical Staves
 g - a staff of cold
 j - a staff of fire
Jewellery
 b - a +4 ring of protection (left hand)
Wands
 d - a wand of iceblast (11)
 i - a wand of acid (7)
Scrolls
 f - 4 scrolls of identify
 r - 2 scrolls of teleportation {unknown}
 s - a scroll of fog {unknown}
Potions
 h - 4 potions of flight
 l - a potion of curing {unknown}
 n - a potion of heal wounds {unknown}
 p - a potion of attraction
Miscellaneous
 k - a box of beasts


   Skills:
 + Level 3.7 Fighting
 + Level 3.7 Short Blades
 + Level 3.7 Long Blades
 + Level 3.7 Axes
 + Level 3.7 Maces & Flails
 + Level 3.7 Polearms
 + Level 3.7 Staves
 + Level 3.7 Slings
 + Level 3.7 Bows
 + Level 3.7 Crossbows
 + Level 3.7 Throwing
 + Level 3.7 Armour
 + Level 6.0 Dodging
 + Level 5.6 Stealth
 + Level 3.7 Shields
 + Level 3.7 Unarmed Combat
 + Level 6.3 Spellcasting
 + Level 7.8 Conjurations
 + Level 3.0 Hexes
 + Level 3.0 Summonings
 + Level 3.0 Necromancy
 + Level 3.0 Translocations
 + Level 3.0 Transmutations
 + Level 3.0 Fire Magic
 + Level 3.0 Ice Magic
 + Level 3.0 Air Magic
 + Level 3.0 Earth Magic
 + Level 3.0 Poison Magic
 + Level 4.1 Invocations
 + Level 3.7 Evocations


You had 16 spell levels left.
You knew the following spells:

 Your Spells              Type           Power      Damage    Failure   Level
a - Magic Dart            Conj           100%       1d8       1%          1
b - Searing Ray           Conj           66%        3d5       1%          2

Your spell library contained the following spells:

 Spells                   Type           Power      Damage    Failure   Level
 Freeze                   Ice            64%        1d8       3%          1
 Animate Skeleton         Necr           32%        N/A       3%          1
 Pain                     Necr           64%        1d7       3%          1
 Conjure Flame            Conj/Fire      25%        6-21      3%          3
 Dazzling Flash           Conj/Hex       50%        N/A       3%          3
 Poisonous Vapours        Pois/Air       32%        N/A       4%          2
 Mephitic Cloud           Conj/Pois/Air  22%        N/A       5%          3
 Vampiric Draining        Necr           8%         2d7       10%         3
 Fulminant Prism          Conj/Hex       12%        3d9       12%         4
 Iskenderun's Mystic Bla  Conj/Tloc      25%        2d7       12%         4
 Animate Dead             Necr           8%         N/A       32%         4
 Agony                    Necr           16%        N/A       67%         5
 Freezing Cloud           Conj/Ice/Air   11%        6-21      95%         6


Dungeon Overview and Level Annotations

Branches:
Dungeon (5/15)             Temple (1/1) D:4

Altars:
Cheibriados
Elyvilon
Hepliaklqana
Nemelex Xobeh
Okawaru
Ru
Sif Muna
Trog
Uskayaw
Vehumet
Wu Jian
Xom
Zin
The Shining One

Shops:
D:2 =   D:5 *


Innate Abilities, Weirdness & Mutations

You have very sharp teeth.
Your uncanny sense of smell can sniff out nearby items.
Your experience applies equally to all skills.


Message History

The yak is lightly wounded. (Press . to maintain the ray.)
Your Dodging skill increases to level 6!
Your Hexes skill increases to level 3!
Your Summonings skill increases to level 3!
Your Necromancy skill increases to level 3!
Your Translocations skill increases to level 3!
Your Transmutations skill increases to level 3!
Your Fire Magic skill increases to level 3!
Your Ice Magic skill increases to level 3!
Your Air Magic skill increases to level 3!
Your Earth Magic skill increases to level 3!
Your Poison Magic skill increases to level 3!
Your Invocations skill increases to level 4!
The searing ray hits the yak.
The yak is moderately wounded.
The yak closely misses you.
The searing ray hits the yak.
The yak is moderately wounded.
The yak barely misses you.
The searing ray hits the yak.
The yak is heavily wounded.
You finish channeling your searing ray.
The yak gores you.
* * * LOW HITPOINT WARNING * * *
Casting: Searing Ray (safe; 1% risk of failure)
Confirm with . or Enter, or press ? or * to list all spells.
Aiming: Searing Ray (safe; 1% risk of failure)
Press: ? - help, Shift-Dir - straight line, f/p - yak
Aim: a yak (heavily wounded, 88% to hit)
The searing ray misses the yak. (Press . to maintain the ray.)
The yak gores you!
* * * LOW HITPOINT WARNING * * *
The searing ray hits the yak!
The yak is severely wounded.
The yak misses you.
The searing ray hits the yak!
The yak is almost dead.
The yak gores you!
You die...

#.##.##.......###.# ##.## ##.##
#.##.##.#....####.# #.#######.##
..##.#....###.....# #...........
####..###.# #.##### #########...
# #..# #.# #.## #... # #..###.#
#..## ##.. # #.....## #...# #.. #
#..#.## ###.##### # ### # #..#.##
#..@Y.†# ∆ ..##.+ # #.....#
#..###.## ..##..# # #.#.#.#
###..#..# !.##.#.. # #.#.#.#
#..###(## ..##....#
####.#.#.########..#YY#..##......
.............#.#...##..†##.#..#..
.........#####.###..#..##.#....#.
.#####.......#[.#...####.#..#.##.
.######...#####.##...##....#.####


You could see a yak.

Vanquished Creatures
  Sigmund (D:3)
  3 yaks (D:5)
  3 ogres
  An ice beast (D:3)
  An orc warrior (D:4)
  A black bear (D:5)
  A scorpion (D:5)
  A howler monkey (D:5)
  3 orc priests
  A bullfrog skeleton (D:5)
  2 hounds
  An iguana (D:4)
  2 orc wizards
  5 adders
  An ufetubus (D:5)
  A worm (D:3)
  2 dart slugs (D:3)
  23 orcs
  5 bats (D:3)
  9 endoplasms
  2 giant cockroaches
  9 goblins
  9 hobgoblins
  2 jackals (D:3)
  5 quokkas
  8 ball pythons
  3 frilled lizards
  5 kobolds
  4 rats
114 creatures vanquished.

Notes
Turn   | Place    | Note
-------+----------+-------------------------------------------
     0 | D:1      | senseless the Gnoll Conjurer began the quest for the Orb.
     0 | D:1      | Reached XP level 1. HP: 13/13 MP: 6/6
    16 | D:1      | Found a faded altar of an unknown god.
   251 | D:1      | Reached XP level 2. HP: 19/19 MP: 3/7
   802 | D:2      | Found Ecerakhu's Jewellery Boutique.
   941 | D:2      | Reached XP level 3. HP: 25/25 MP: 7/9
   972 | D:2      | Reached skill level 5 in Spellcasting
  1119 | D:2      | Reached skill level 1 in Invocations
  1235 | D:2      | Reached skill level 1 in Fighting
  1235 | D:2      | Reached skill level 1 in Short Blades
  1235 | D:2      | Reached skill level 1 in Long Blades
  1235 | D:2      | Reached skill level 1 in Axes
  1235 | D:2      | Reached skill level 1 in Maces & Flails
  1235 | D:2      | Reached skill level 1 in Polearms
  1235 | D:2      | Reached skill level 1 in Staves
  1235 | D:2      | Reached skill level 1 in Slings
  1235 | D:2      | Reached skill level 1 in Bows
  1235 | D:2      | Reached skill level 1 in Crossbows
  1235 | D:2      | Reached skill level 1 in Throwing
  1235 | D:2      | Reached skill level 1 in Armour
  1235 | D:2      | Reached skill level 1 in Shields
  1235 | D:2      | Reached skill level 1 in Unarmed Combat
  1235 | D:2      | Reached skill level 1 in Evocations
  1235 | D:2      | Reached XP level 4. HP: 28/32 MP: 2/11
  1575 | D:2      | Identified 3 scrolls of acquirement
  1575 | D:2      | Acquired a book of Clouds
  1580 | D:2      | Acquired a +1 demon whip of flaming
  1582 | D:2      | Acquired a +4 ring of protection
  1590 | D:3      | Found an ornate altar of the Wu Jian Council.
  1715 | D:3      | Found a sparkling altar of Nemelex Xobeh.
  1718 | D:3      | Found a shimmering blue altar of Sif Muna.
  1987 | D:3      | Found a hazy altar of Hepliaklqana.
  1990 | D:3      | Noticed Sigmund
  1994 | D:3      | Killed Sigmund
  1995 | D:3      | Reached skill level 1 in Hexes
  1995 | D:3      | Reached skill level 1 in Summonings
  1995 | D:3      | Reached skill level 1 in Necromancy
  1995 | D:3      | Reached skill level 1 in Translocations
  1995 | D:3      | Reached skill level 1 in Transmutations
  1995 | D:3      | Reached skill level 1 in Fire Magic
  1995 | D:3      | Reached skill level 1 in Ice Magic
  1995 | D:3      | Reached skill level 1 in Air Magic
  1995 | D:3      | Reached skill level 1 in Earth Magic
  1995 | D:3      | Reached skill level 1 in Poison Magic
  1995 | D:3      | Reached XP level 5. HP: 38/38 MP: 8/12
  1995 | D:3      | Reached XP level 6. HP: 44/44 MP: 8/13
  2290 | D:3      | Noticed an ice beast
  2298 | D:3      | Killed an ice beast
  2299 | D:3      | Reached skill level 5 in Dodging
  3298 | D:3      | Learned a level 2 spell: Searing Ray
  3424 | D:4      | Found a staircase to the Ecumenical Temple.
  3456 | Temple   | Entered the Ecumenical Temple
  3520 | Temple   | Became a worshipper of Vehumet
  3760 | D:4      | Reached XP level 7. HP: 51/51 MP: 7/15
  4293 | D:4      | Reached skill level 5 in Stealth
  4295 | D:4      | Reached * piety under Vehumet
  4295 | D:4      | Offered knowledge of Freeze by Vehumet.
  4584 | D:5      | Entered Level 5 of the Dungeon
  4740 | D:5      | Reached XP level 8. HP: 57/57 MP: 9/16
  5389 | D:5      | Found Omont's Assorted Antiques.
  5392 | D:5      | Bought a pair of gloves for 139 gold pieces
  5489 | D:5      | Found a white marble altar of Elyvilon.
  5593 | D:5      | Noticed a yak
  5594 | D:5      | Noticed a yak
  5595 | D:5      | Noticed a yak
  5596 | D:5      | Noticed a yak
  5608 | D:5      | Killed a yak
  5608 | D:5      | Killed a yak
  5609 | D:5      | Killed a yak
  5615 | D:5      | Mangled by a yak

Illustrated notes

Levels and vault maps discovered:
D:1:      noname_arrival_rooms_in_the_neighbourhood, layout_rooms,
          ebering_ecumenical_altar_ruins
D:2:      layout_basic, serial_shops, nicolae_shop_crystal
D:3:      minmay_octagon_keep, layout_basic, nicolae_wu_jian_wuxing_cycle,
          nicolae_hepliaklqana_hazy_memory,
          chequers_temple_overflow_statue_of_worship,
          minmay_misc_feat_diagonals, minmay_puff, uniq_sigmund
D:4:      layout_basic, minmay_temple_entry_sparse_star, guppyfry_early_orc_mine
D:5:      minmay_razor_zed, layout_loops_ring, makhleb_blood_cavern_becter,
          overflow_temple_1_default, serial_shops, kennysheep_mini
Temple:   kb_temple_of_zot

Skill      XL: |  1  2  3  4  5  6  7  8 |
---------------+-------------------------+-----
Spellcasting   | 5 6 |  6.3
Invocations    | 1 2 3 4 |  4.1
Fighting       | 1 2 3 |  3.7
Short Blades   | 1 2 3 |  3.7
Long Blades    | 1 2 3 |  3.7
Axes           | 1 2 3 |  3.7
Maces & Flails | 1 2 3 |  3.7
Polearms       | 1 2 3 |  3.7
Staves         | 1 2 3 |  3.7
Slings         | 1 2 3 |  3.7
Bows           | 1 2 3 |  3.7
Crossbows      | 1 2 3 |  3.7
Throwing       | 1 2 3 |  3.7
Armour         | 1 2 3 |  3.7
Shields        | 1 2 3 |  3.7
Unarmed Combat | 1 2 3 |  3.7
Evocations     | 1 2 3 |  3.7
Hexes          | 1 2 3 |  3.0
Summonings     | 1 2 3 |  3.0
Necromancy     | 1 2 3 |  3.0
Translocations | 1 2 3 |  3.0
Transmutations | 1 2 3 |  3.0
Fire Magic     | 1 2 3 |  3.0
Ice Magic      | 1 2 3 |  3.0
Air Magic      | 1 2 3 |  3.0
Earth Magic    | 1 2 3 |  3.0
Poison Magic   | 1 2 3 |  3.0
Dodging        | 5 6 |  6.0
Stealth        | 5 |  5.6
Conjurations   | |  7.8

Action                   |  1- 3 |  4- 6 |  7- 9 || total
-------------------------+-------+-------+-------++-------
Melee: Dagger            |    10 |       |    13 ||    23
       Demon whip        |       |    19 |       ||    19
       Bite              |       |     1 |     1 ||     2
       Short sword       |       |       |     3 ||     3
 Cast: Magic Dart        |    56 |    94 |    55 ||   205
       Searing Ray       |       |     3 |    12 ||    15
Evoke: Wand              |       |     1 |       ||     1
  Use: Scroll            |       |     6 |     3 ||     9
Armor: Robe              |     1 |     2 |     8 ||    11
Dodge: Dodged            |    12 |    18 |    20 ||    50

Table legend: (Time is in decaauts)
 A = Elapsed time spent in this place.
 B = Non-inter-level travel time spent in this place.
 C = Inter-level travel time spent in this place.
 D = Time resting spent in this place.
 E = Time spent auto-exploring this place.
 F = Levels seen in this place.
 G = Mean time per level.
                   A        B        C        D        E       F      G
               +--------+--------+--------+--------+--------+-----+--------+
         Total |   5609 |   5268 |    341 |     31 |   4651 |   6 |  934.8 |
       Dungeon |   5481 |   5155 |    326 |     31 |   4547 |   5 | 1096.2 |
        Temple |    128 |    113 |     15 |      0 |    104 |   1 |  128.0 |
               +--------+--------+--------+--------+--------+-----+--------+

Top non-repeatable levels by time:
     D:3: 1709 daAuts
     D:4: 1155 daAuts
     D:5: 1028 daAuts
     D:1: 800 daAuts
     D:2: 786 daAuts
  Temple: 128 daAuts
